AoeStats
← pedrin

Four Lakes

509935476Analyzed
1v1 RM · 4d ago on Sep 28, 2026· 20m 7s· 2 players
Game mode
Random Map
Map size
Tiny (2 player)
Population
200
Speed
Normal
Resources
Standard
Victory
Conquest
Starting age
Dark Age
Ending age
Imperial Age
RankedLock teamsTeams togetherTeam positionsShared explorationLock speedFull tech treeHidden civsTurbo modeCheats
Victory
Defeat
🇨🇴 Huns · Colombia
881
+17
🇧🇷 Slavs · Brazil
906
-48
xXM4X1M4Xx
8:11 Loom
11:06 Feudal Age
17:20 Castle Age
15:44 Double-Bit Axe
17:46 Bloodlines
pedrin
11:30 Feudal Age
12:03 Double-Bit Axe
19:45 Man-at-Arms
Connection lost

Rejoining the realm…

Still unreachable

The connection could not be restored.

Session expired

The server has moved on; the page needs a fresh start.